Map: Romanticide LE

Players

LiquidClem (Clem) - Winner!

  • Race: Terran Terran
  • League: Grandmaster
  • Spawn Location: 5:00

Lambo

  • Race: Zerg Zerg
  • League: Master
  • Spawn Location: 11:00

VOD

Have the link to the VOD?

Description

Time

  • Played on: Dec. 27, 2020, 4:42 p.m.
  • Length: 5:37
Show
View Real Time Build Order
Export as new Build Order

LiquidClem Terran - Winner!

Build Orders: Reaper Expand 

Get SALT Encoding   

  12  0:00  SCV  
  13  0:12  SCV  
  14  0:16  Supply Depot  
  14  0:24  SCV  
  15  0:38  SCV  
  15  0:40  Barracks  
  16  0:43  Refinery  
  16  0:50  SCV  
  17  1:02  SCV  
  18  1:14  SCV  
  19  1:27  Orbital Command, Reaper  
  20  1:39  Command Center  
  20  1:49  Supply Depot  
  20  1:52  SCV  
  21  1:58  Marine  
  22  2:05  SCV  
  23  2:13  Factory  
  23  2:17  SCV  
  23  2:20  Barracks Reactor  
  24  2:29  SCV  
  25  2:38  Command Center  
  25  2:42  SCV  
  26  2:53  Orbital Command  
  26  2:54  SCV  
  27  3:07  Barracks Tech Lab  
  27  3:09  SCV, Barracks  
  30  3:13  Hellion  
  30  3:16  Hellion  
  32  3:20  SCV  
  32  3:21  SCV  
  34  3:27  Stimpack  
  34  3:28  Marine  
  34  3:32  SCV  
  34  3:33  SCV, Refinery  
  37  3:44  SCV  
  37  3:45  SCV  
  37  3:46  Marine  
  40  3:50  Orbital Command  
  40  3:56  SCV  
  40  3:57  SCV, Starport  
  40  4:02  Factory Reactor  
  42  4:04  Marine  
  42  4:05  Marine x2  
  42  4:08  SCV  
  42  4:09  SCV  
  47  4:12  Supply Depot  
  47  4:15  SCV  
  48  4:20  SCV  
  48  4:21  SCV, Marine  
  48  4:23  Marine x2  
  53  4:28  SCV  
  53  4:30  Armory  
  54  4:32  SCV  
  54  4:34  Barracks  
  54  4:35  Supply Depot  
  54  4:38  Medivac  
  57  4:39  Hellion x2  
  57  4:40  SCV  
  57  4:42  Marine x2  
  57  4:44  Orbital Command, Marine  
  65  4:46  SCV  
  65  4:52  SCV  
  67  4:58  Supply Depot, SCV  
  68  5:00  Marine x2, Refinery  
  68  5:01  Barracks  
  68  5:03  Hellion  
  68  5:04  Refinery  
  68  5:05  Hellion  
  74  5:10  Marine  
  77  5:20  Supply Depot, SCV x2  
  80  5:21  SCV  
  80  5:27  Barracks Reactor  
Show
View Real Time Build Order
Export as new Build Order

Lambo Zerg 

Build Orders: Hatch First 

Get SALT Encoding   

  12  0:00  Drone  
  13  0:12  Overlord  
  13  0:17  Drone  
  14  0:31  Drone x2  
  16  0:48  Hatchery  
  15  0:50  Drone  
  15  0:54  Drone  
  17  0:57  Drone  
  18  1:08  Extractor  
  17  1:12  Spawning Pool  
  17  1:15  Drone  
  17  1:18  Drone  
  18  1:28  Drone  
  19  1:38  Drone  
  20  1:50  Drone  
  21  1:59  Queen x2  
  21  2:00  Zergling x4  
  27  2:12  Overlord  
  27  2:13  Drone  
  28  2:23  Spore Crawler  
  28  2:27  Spore Crawler  
  28  2:28  Drone  
  27  2:30  Overlord  
  27  2:33  Drone x2  
  29  2:37  Queen  
  33  2:44  Drone  
  33  2:49  Metabolic Boost  
  34  2:59  Drone x2  
  34  3:03  Drone  
  37  3:09  Overlord  
  37  3:10  Drone x4  
  41  3:18  Queen  
  43  3:22  Hatchery  
  42  3:28  Drone x2  
  42  3:30  Drone x2  
  46  3:36  Drone  
  47  3:43  Drone x2  
  47  3:44  Drone  
  50  3:48  Drone x2  
  50  3:52  Overlord  
  52  3:56  Extractor, Lair  
  52  3:57  Drone  
  52  4:05  Overlord  
  52  4:10  Queen  
  52  4:11  Drone x3  
  52  4:14  Drone  
  52  4:15  Drone x2  
  60  4:20  Baneling Nest  
  60  4:21  Drone  
  60  4:26  Zergling x2  
  60  4:28  Overlord  
  61  4:32  Zergling x2  
  61  4:36  Spore Crawler  
  61  4:37  Spore Crawler  
  60  4:40  Queen  
  60  4:41  Zergling x4  
  60  4:42  Drone x3  
  60  4:44  Drone  
  68  4:46  Drone x3  
  68  4:50  Drone x2  
  71  4:55  Spire  
  71  4:56  Drone  
  73  5:00  Drone x2, Extractor  
  73  5:02  Extractor  
  73  5:07  Overlord  
  73  5:13  Drone x2  
  75  5:15  Hatchery  
  75  5:16  Drone x3  
  75  5:19  Drone x2  
  75  5:21  Extractor  
  78  5:22  Extractor  
Tags
 
Add a new tag
Caveats
  • Supply blocks, unpowered buildings, or Contaminate may cause inaccurate times.
  • Supply counts are checked every 10 seconds.